 Dungeon Crawl Stone Soup version 0.27.1-2-g3b301248ec (webtiles) character file.

Game seed: 10159066483905208311

305 MajorAdolf the Sneak (level 6, -1/57 HPs)
             Began as a Naga Wanderer on Sept 30, 2021.
             Killed from afar by Grinder (12 damage)
             ... with a puff of flame
             ... while paralysed by Grinder
             ... on level 3 of the Dungeon.
             The game lasted 00:07:58 (4837 turns).

MajorAdolf the Sneak (Naga Wanderer)                Turns: 4837, Time: 00:07:58

Health: -1/57      AC:  6    Str: 15    XL:     6   Next: 39%
Magic:  9/9        EV:  1    Int: 10    God:
Gold:   219        SH:  0    Dex: 14    Spells: 6/9 levels left

rFire    . . .     SeeInvis +   a - +2 dagger
rCold    . . .     Faith    .   (no shield)
rNeg     . . .     Spirit   .   u - +0 robe
rPois    +         Reflect  .   e - +2 helmet
rElec    .         Harm     .   (no cloak)
rCorr    .         Rampage  .   (no gloves)
Will     .....                  (no barding)
Stlth    +++.......             (no amulet)
HPRegen  0.19/turn              (no ring)
MPRegen  0.11/turn              (no ring)

@: paralysed, hasted, very slow
A: AC +2, large, see invisible, deformed body, poison resistance, slowness 2,
spit poison 1, naga tail 1
a: Spit Poison


You were on level 3 of the Dungeon.
You visited 1 branch of the dungeon, and saw 5 of its levels.

You collected 219 gold pieces.

Inventory:

Hand Weapons
 a - a +2 dagger (weapon)
 j - a +0 hunting sling
Missiles
 b - 4 curare-tipped darts
 k - 40 stones
 l - 9 boomerangs (quivered)
Armour
 d - a +1 ring mail of cold resistance
 e - a +2 helmet (worn)
 u - a +0 robe (worn)
Scrolls
 f - a scroll of enchant armour
 i - a scroll of identify {unknown}
 n - a scroll of fog {unknown}
 o - a scroll of immolation {unknown}
 r - a scroll of fear {unknown}
 t - a scroll of amnesia {unknown}
Potions
 g - a potion of heal wounds {unknown}
 h - a potion of ambrosia {unknown}
 m - a potion of lignification {unknown}
 p - a potion of degeneration {unknown}
 s - a potion of haste


   Skills:
 + Level 4.2 Fighting
 - Level 1.0 Throwing
 + Level 6.7 Stealth
 - Level 1.0 Shields
 - Level 2.0 Spellcasting
 - Level 1.0 Conjurations
 - Level 2.0 Hexes
 - Level 3.0 Ice Magic


You had 6 spell levels left.
You knew the following spells:

 Your Spells              Type           Power      Damage    Failure   Level
a - Frozen Ramparts       Ice            14%        1d3       26%         3

Your spell library contained the following spells:

 Spells                   Type           Power      Damage    Failure   Level
 Freeze                   Ice            28%        1d5       9%          1
 Apportation              Tloc           2%         N/A       30%         1
 Gell's Gravitas          Tloc           0%         N/A       67%         3


Dungeon Overview and Level Annotations

Branches:
Dungeon (5/15)
 Temple: D:4-7

Altars:
Wu Jian

Annotations:
D:3 Grinder


Innate Abilities, Weirdness & Mutations

Your serpentine skin is tough. (AC +2)
You have supernaturally acute eyesight. (SInv)
Armour fits poorly on your strangely shaped body.
Your system is resistant to poisons. (rPois)
You cover ground very slowly.
You can spit poison.
You have a snake-like lower body.


Message History

You throw a boomerang. The boomerang closely misses Grinder.
Grinder gestures at you. Pain shoots through your body!
* * * LOW HITPOINT WARNING * * *
Grinder hits you.
* * * LOW HITPOINT WARNING * * *
You barely miss Grinder.
Grinder is almost dead.
Grinder hits you but does no damage.
Unknown command.
You closely miss Grinder.
Grinder is almost dead.
Grinder gestures at you.
You struggle to resist.
You hit Grinder.
Grinder is almost dead.
Grinder gestures at you. Pain shoots through your body!
* * * LOW HITPOINT WARNING * * *
Unknown command.
You barely miss Grinder.
Grinder is almost dead.
Grinder gestures at you. You resist with some effort.
You hit Grinder but do no damage.
Grinder is almost dead.
Grinder hits you.
* * * LOW HITPOINT WARNING * * *
You writhe in agony.
* * * LOW HITPOINT WARNING * * *
You feel better. Grinder gestures at you. You resist with some effort.
You feel yourself speed up. Grinder gestures at you.
You suddenly lose the ability to move!
Grinder gestures at you.
You shrug off the repeated paralysis!
Grinder zaps a wand.
The puff of flame hits you!
You die...

#...# #..# ...# ..#. #. #...#
#..# ... ... #. #...# #..#
..#.#........
####...####..###..#.#........
#..'...'...................#.
#.##...#................#..#.
#.######.##..................
###.######.###.................
#.............@.....#..........
##..######.##..5....#..........
#...# #..##.......#....##...#
#...# #..##.......#....##....
#...####..##).................
#...#..............#....##..##
#...####..##..#....#....##..##
#...####..##..#....#....##..##
#.............................


You could see Grinder.

Vanquished Creatures
  A scorpion (D:4)
  An orc priest (D:4)
  An orc wizard (D:3)
  Natasha (thrice) (D:2)
  A hound skeleton (D:4)
  2 adders
  An adder skeleton (D:4)
  A worm (D:2)
  4 dart slugs
  3 orcs
  3 bats
  8 endoplasms
  2 giant cockroaches
  10 goblins
  8 hobgoblins
  2 jackals (D:4)
  4 quokkas
  4 ball pythons (D:2)
  2 frilled lizards
  5 kobolds
  5 rats
71 creatures vanquished.

Vanquished Creatures (others)
  A plant (D:3)
1 creature vanquished.

Grand Total: 72 creatures vanquished

Notes
Turn   | Place    | Note
-------+----------+-------------------------------------------
     0 | D:1      | MajorAdolf the Naga Wanderer began the quest for the Orb.
     0 | D:1      | MajorAdolf set off with the following items: a +2 dagger, 4
                  | curare-tipped darts, a +0 robe; and the following spells
                  | available to memorise: Freeze, Frozen Ramparts,
                  | Apportation, Gell's Gravitas
     0 | D:1      | Reached XP level 1. HP: 15/15 MP: 3/3
   210 | D:1      | Reached skill level 1 in Stealth
   438 | D:1      | Reached skill level 1 in Fighting
   438 | D:1      | Reached XP level 2. HP: 18/25 MP: 5/5
   530 | D:1      | Reached skill level 2 in Stealth
   788 | D:1      | Reached XP level 3. HP: 28/31 MP: 6/6
   851 | D:2      | Found a faded altar of an unknown god.
   875 | D:2      | Reached skill level 3 in Stealth
  1586 | D:2      | Reached XP level 4. HP: 39/39 MP: 7/7
  1732 | D:3      | Noticed Grinder
  1772 | D:3      | Noticed Natasha
  1785 | D:2      | Killed Natasha
  1786 | D:2      | Reached skill level 4 in Stealth
  2205 | D:2      | Found a faded altar of an unknown god.
  2227 | D:2      | Noticed Natasha
  2323 | D:2      | Killed Natasha
  2348 | D:2      | Found a faded altar of an unknown god.
  2490 | D:2      | Noticed Natasha
  2494 | D:2      | Killed Natasha
  2495 | D:2      | Reached skill level 5 in Stealth
  2495 | D:2      | Reached XP level 5. HP: 49/49 MP: 8/8
  3177 | D:3      | Found an ornate altar of the Wu Jian Council.
  3843 | D:4      | Reached skill level 6 in Stealth
  3859 | D:4      | Noticed an orc warrior
  3875 | D:4      | Reached XP level 6. HP: 36/57 MP: 9/9
  4091 | D:5      | Entered Level 5 of the Dungeon
  4447 | D:3      | Learned a level 3 spell: Frozen Ramparts
  4796 | D:3      | Paralysed by Grinder for 5 turns
  4826 | D:3      | Paralysed by Grinder for 2 turns
  4833 | D:3      | HP: 2/57 [Grinder (1)]
  4835 | D:3      | Paralysed by Grinder for 4 turns
  4837 | D:3      | Killed from afar by Grinder

Illustrated notes

Levels and vault maps discovered:
D:1:      elethiomel_arrival_quiet, layout_basic
D:2:      layout_rooms, ebering_ecumenical_altar_webs, corexii_corridor_pit,
          corexii_leaking_fountain
D:3:      layout_basic, old_standard_altar, grunt_decor_mini_mirrors,
          serial_bayou_pond_b, uniq_crazy_yiuf_cottage, uniq_grinder,
          uniq_natasha
D:4:      layout_basic, small_statue_intersection
D:5:      layout_basic

Skill      XL: |  1  2  3  4  5  6 |
---------------+-------------------+-----
Stealth        | 1 2 3 5 6 |  6.7
Fighting       | 1 2 3 4 |  4.2
Throwing       | |  1.0
Shields        | |  1.0
Spellcasting   | |  2.0
Conjurations   | |  1.0
Hexes          | |  2.0
Ice Magic      | |  3.0

Action                   |  1- 3 |  4- 6 || total
-------------------------+-------+-------++-------
Melee: Dagger            |   101 |    81 ||   182
Throw: Boomerang         |     8 |   101 ||   109
 Cast: Frozen Ramparts   |       |     1 ||     1
 Abil: Spit Poison       |    12 |    16 ||    28
  Use: Potion            |       |     4 ||     4
       Scroll            |       |     3 ||     3
 Stab: Sleeping          |     1 |     1 ||     2
Armor: Ring mail         |    47 |    40 ||    87
       Robe              |       |     2 ||     2
Dodge: Dodged            |    42 |    45 ||    87
